 Dungeon Crawl Stone Soup version 0.32-a0-572-g3e1049bc92 (webtiles) character file.

Game seed: 17627499500979958163

197 Revguard the Sneak (level 5, -2/39 HPs)
             Began as a Coglin Brigand on Mar 1, 2024.
             Killed from afar by an orc wizard (4 damage)
             ... with a magic dart
             ... on level 3 of the Dungeon.
             The game lasted 00:05:01 (1908 turns).

Revguard the Sneak (Coglin Brigand)                 Turns: 1908, Time: 00:05:03

Health: -2/39      AC:  4    Str: 11    XL:     5   Next: 75%
Magic:  5/5        EV: 12    Int: 10    God:
Gold:   109        SH:  0    Dex: 18    Spells: 4/4 levels left

rFire   . . .        a - +2 dagger (freeze) {Agathocles}
rCold   . . .        i - +1 short sword {Liang}
rNeg    . . .        k - +0 leather armour
rPois   .            (no helmet)
rElec   .            c - +0 cloak
rCorr   .            (no gloves)
SInv    .            (no boots)
Will    +....        (amulet unavailable)
Stlth   +++          (ring unavailable)
HPRegen 0.26/turn    (ring unavailable)
MPRegen 0.09/turn    (no gizmo)

%: no passive effects
@: enlightened, flying, studying Evocations, revved
A: off-hand wielding, slow wielding, warmup strikes, no jewellery
a: Invent Gizmo


You were on level 3 of the Dungeon.
You visited 1 branch of the dungeon, and saw 3 of its levels.

You collected 109 gold pieces.

Inventory:

Hand Weapons
 a - a +2 dagger of freezing (weapon) {Agathocles}
 f - a +0 dagger {Pancho}
 i - a +1 short sword (offhand) {Liang}
Missiles
 d - 13 poisoned darts (quivered)
 e - 5 curare-tipped darts
Armour
 b - a +0 robe
 c - a +0 cloak (worn)
 k - a +0 leather armour (worn)
Scrolls
 g - a scroll of vulnerability {unknown}
 h - a scroll of summoning
Potions
 j - 2 potions of magic {unknown}


   Skills:
 + Level 2.7 Fighting
 + Level 2.5 Short Blades
 - Level 1.7 Throwing
 + Level 1.3 Armour
 + Level 1.8 Dodging
 * Level 4.1 Stealth
 + Level 1.1 Invocations
 + Level 2.4 Evocations


You had 4 spell levels left.
You didn't know any spells.
Your spell library contained the following spells:

 Spells                   Type           Power      Damage    Failure   Level
 Apportation              Tloc           0%         N/A       45%         1
 Freeze                   Ice            0%         1d3       45%         1
 Jinxbite                 Hex            0%         N/A       58%         2
 Frozen Ramparts          Ice            0%         1d1       83%         3
 Hailstorm                Conj/Ice       0%         3d5       83%         3
 Alistair's Intoxication  Alch           0%         N/A       100%        5


Dungeon Overview and Level Annotations

Branches:
Dungeon (3/15)

Altars:


Innate Abilities, Weirdness & Mutations

You can wield a second weapon in your off-hand.
It takes a long time for you to wield or remove held weapons.
Your first few attacks do less damage.
You cannot equip rings or amulets.


Message History

You miss the orc with your +1 short sword.
You miss the orc with your +2 dagger of freezing.
The orc hits you with a +0 hand axe. Something hits you.
You hit the orc with your +2 dagger of freezing.
You freeze the orc.
You kill the orc!
You feel less confused. The orc barely misses you.
You hit the orc with your +2 dagger of freezing.
You freeze the orc.
The orc is severely wounded.
You hit the orc with your +1 short sword.
You kill the orc!
Something hits you.
You barely miss something with your +2 dagger of freezing.
You hit something with your +1 short sword.
Something hits you.
You hit something but do no damage.
You barely miss something with your +1 short sword.
Something hits you.
* * * LOW HITPOINT WARNING * * *
You hit something with your +2 dagger of freezing.
You freeze something.
You hit something with your +1 short sword.
Something hits you.
* * * LOW HITPOINT WARNING * * *
You hit something with your +2 dagger of freezing.
You freeze something.
You barely miss something with your +1 short sword.
You hear some strange, mumbled words.
A puff of flame appears from out of thin air!
The puff of flame hits you!
* * * LOW HITPOINT WARNING * * *
It was a potion of enlightenment.
You feel very buoyant.
You fly up into the air.
You hear some strange, mumbled words.
A magic dart appears from out of thin air!
The magic dart hits you.
You die...

...................
#....#...............
........[...........
.#####.##................
.....#.##................
.......#..........)....#
#.....#...............#
#....................#
#...{@................
#...)).#.....#......##
#......)#########...##
#.)..$......... ##...
#....)...##.###### ##.#.
#.##........# ..##
#.....?....... .##
#........#..# ~
#........##.:. ..


There were no monsters in sight!

Vanquished Creatures
  A hound (D:2)
  2 orc priests (D:3)
  3 gnolls (D:2)
  2 adders (D:2)
  2 ribbon worms (D:3)
  A dart slug (D:1)
  2 orcs (D:3)
  3 bats
  5 endoplasms
  2 giant cockroaches (D:1)
  3 goblins
  7 hobgoblins
  2 jackals (D:2)
  A quokka (D:1)
  3 ball pythons
  3 frilled lizards (D:2)
  5 kobolds
  8 rats
55 creatures vanquished.

Notes
Turn   | Place    | Note
-------+----------+-------------------------------------------
     0 | D:1      | Revguard the Coglin Brigand began the quest for the Orb.
     0 | D:1      | Reached XP level 1. HP: 16/16 MP: 1/1
    65 | D:1      | Reached skill level 1 in Dodging
   207 | D:1      | Reached XP level 2. HP: 22/22 MP: 2/2
   742 | D:2      | Reached skill level 1 in Evocations
   742 | D:2      | Reached XP level 3. HP: 17/27 MP: 3/3
   929 | D:2      | Reached XP level 4. HP: 27/33 MP: 4/4
  1310 | D:2      | Reached skill level 1 in Armour
  1598 | D:2      | Reached XP level 5. HP: 25/39 MP: 5/5
  1770 | D:2      | Identified a scroll of acquirement
  1770 | D:2      | Acquired a manual of Evocations
  1891 | D:3      | Reached skill level 4 in Stealth
  1891 | D:3      | Reached skill level 1 in Invocations
  1907 | D:3      | HP: 1/39 [something/puff of flame (8)]
  1908 | D:3      | Killed from afar by an orc wizard

Illustrated notes

Levels and vault maps discovered:
D:1:      sevenhm_arrival_forest_fort_small_4, layout_loops_ring
D:2:      layout_loops_corners, grunt_decor_arrowhead, serial_park_tiny_2,
          nicolae_figureground_sparkle
D:3:      kennysheep_goblin_castle, layout_rooms, serial_shops, shop,
          chequers_serial_rivers_micro_a

Skill      XL: |  1  2  3  4  5 |
---------------+----------------+-----
Dodging        | 1 |  1.8
Short Blades   | 2 |  2.5
Evocations     | 1 2 |  2.4
Armour         | 1 |  1.3
Stealth        | 4 |  4.1
Invocations    | 1 |  1.1
Fighting       | |  2.7
Throwing       | |  1.7

Action                     |  1- 3 |  4- 6 || total
---------------------------+-------+-------++-------
  Melee: Dagger            |    59 |    79 ||   138
         Short sword       |    25 |    79 ||   104
    Use: Potion            |       |     2 ||     2
         Scroll            |       |     6 ||     6
   Stab: Sleeping          |     7 |     3 ||    10
 Armour: Robe              |    18 |    35 ||    53
         Leather armour    |       |    20 ||    20
  Dodge: Dodged            |    30 |    57 ||    87

Table legend: (Time is in decaauts)
 A = Elapsed time spent in this place.
 B = Non-inter-level travel time spent in this place.
 C = Inter-level travel time spent in this place.
 D = Time resting spent in this place.
 E = Time spent auto-exploring this place.
 F = Levels seen in this place.
 G = Mean time per level.
                   A        B        C        D        E       F      G
               +--------+--------+--------+--------+--------+-----+--------+
         Total |   1896 |   1869 |     27 |      2 |   1415 |   3 |  632.0 |
       Dungeon |   1896 |   1869 |     27 |      2 |   1415 |   3 |  632.0 |
               +--------+--------+--------+--------+--------+-----+--------+

Top non-repeatable levels by time:
     D:2: 1077 daAuts
     D:1: 707 daAuts
     D:3: 112 daAuts
